AoeStats
← 啊超

Yucatan

503632787Analyzed
4v4 RM · 1mo ago on Sep 1, 2026· 51m 27s· 8 players
Game mode
Random Map
Map size
Large (8 player)
Population
200
Speed
Normal
Resources
Standard
Victory
Conquest
Starting age
Dark Age
Ending age
Imperial Age
RankedLock teamsTeams togetherTeam positionsShared explorationLock speedFull tech treeHidden civsTurbo modeCheats
Victory
Defeat
🇫🇷 Magyars · France
1182
+16
🇨🇳 Britons · China
1129
+18
🇹🇷 Mongols · Türkiye
1121
+19
🇻🇳 Georgians · Vietnam
1112
+19
🇺🇦 Saracens · Ukraine
1261
-22
🇬🇧 Khmer · United Kingdom
1179
-18
🇫🇷 Mongols · France
1166
-17
🇺🇦 Italians · Ukraine
1100
-14
rubungus
4:58 Loom
11:36 Feudal Age
15:20 Castle Age
16:36 Double-Bit Axe
20:09 Wheelbarrow
19:56 Horse Collar
28:31 Scale Barding Armor
28:37 Forging
30:07 Ballistics
30:17 Chain Barding Armor
33:05 Bow Saw
36:34 Light Cavalry
37:26 Bloodlines
38:57 Iron Casting
42:08 Imperial Age
44:10 Chemistry
43:23 Masonry
43:24 Fortified Wall
Морозець
0:30 Loom
11:55 Feudal Age
12:35 Double-Bit Axe
12:32 Horse Collar
20:19 Castle Age
21:37 Heavy Plow
21:53 Bow Saw
35:08 Imperial Age
32:35 Gold Mining
32:58 Stone Mining
33:53 Fletching
34:03 Padded Archer Armor
34:42 Wheelbarrow
34:36 Ballistics
35:21 Thumb Ring
37:55 Conscription
40:13 Chemistry
39:11 Bodkin Arrow
39:31 Leather Archer Armor
40:43 Hoardings
40:58 Masonry
42:01 Two-Man Saw
41:32 Crop Rotation
41:20 Bracer
41:51 Ring Archer Armor
43:33 Architecture
44:09 Treadmill Crane
44:12 Elite Skirmisher
45:30 Pirotechnia
Don'tPushTheHorses
0:31 Loom
11:30 Feudal Age
18:57 Castle Age
25:41 Double-Bit Axe
32:12 Gold Mining
33:53 Horse Collar
34:41 Scale Barding Armor
34:46 Forging
39:28 Imperial Age
38:41 Wheelbarrow
38:29 Chain Barding Armor
38:22 Bloodlines
40:32 Conscription
40:39 Husbandry
46:14 Iron Casting
46:36 Elite Mameluke
49:58 Plate Barding Armor
50:12 Ballistics
51:22 Iron Casting
lucascroenne
10:53 Feudal Age
13:49 Loom
16:47 Castle Age
15:17 Double-Bit Axe
18:00 Stone Mining
18:02 Gold Mining
18:24 Bow Saw
20:33 Forging
20:34 Pikeman
21:24 Scale Mail Armor
22:32 Fletching
26:31 Horse Collar
27:18 Heavy Plow
30:23 Bodkin Arrow
35:07 Wheelbarrow
34:18 Town Watch
40:39 Nomads
43:32 Padded Archer Armor
43:05 Elite Skirmisher
43:53 Thumb Ring
45:56 Leather Archer Armor
48:18 Imperial Age
47:11 Scale Barding Armor
49:19 Bracer
48:50 Onager
50:13 Conscription
GuForD
11:28 Feudal Age
13:59 Double-Bit Axe
14:43 Bloodlines
16:44 Castle Age
15:10 Gold Mining
17:27 Forging
17:23 Scale Barding Armor
18:15 Bow Saw
17:42 Light Cavalry
22:26 Padded Archer Armor
23:41 Ballistics
26:22 Loom
28:07 Horse Collar
32:18 Wheelbarrow
32:19 Leather Archer Armor
32:47 Heavy Plow
36:31 Imperial Age
35:55 Gold Shaft Mining
35:10 Stone Mining
35:20 Fletching
36:07 Iron Casting
36:58 Capped Ram
38:46 Stone Shaft Mining
38:06 Siege Ram
40:49 Chemistry
40:04 Masonry
40:43 Chain Barding Armor
40:42 Husbandry
41:31 Conscription
41:32 Drill
42:20 Town Watch
42:50 Hand Cart
42:38 Bodkin Arrow
42:50 Siege Engineers
43:27 Parthian Tactics
44:27 Elite Mangudai
51:14 Heavy Cavalry Archer
啊超
0:31 Loom
11:27 Feudal Age
16:46 Castle Age
19:29 Crossbowman
20:27 Double-Bit Axe
23:35 Horse Collar
29:01 Ballistics
30:45 Gold Mining
31:27 Fletching
33:11 Bow Saw
33:02 Heavy Plow
34:32 Bodkin Arrow
34:38 Padded Archer Armor
38:43 Imperial Age
38:54 Gold Shaft Mining
39:16 Leather Archer Armor
41:48 Arbalester
45:52 Chemistry
47:02 Bracer
49:05 Yeomen
50:57 Ring Archer Armor
50:22 Stone Mining
52:43 Two-Man Saw
Phu Thuy
5:38 Loom
9:12 Feudal Age
10:12 Double-Bit Axe
13:39 Wheelbarrow
22:32 Castle Age
21:11 Horse Collar
25:36 Gold Mining
25:57 Bow Saw
26:41 Sanctity
27:48 Redemption
29:43 Fletching
34:09 Imperial Age
32:14 Bodkin Arrow
33:44 Svan Towers
34:59 Bracer
35:28 Block Printing
38:15 Ballistics
38:43 Hoardings
41:00 Hoardings
44:14 Chemistry
42:56 Treadmill Crane
44:15 Fortified Wall
44:20 Masonry
45:07 Conscription
48:31 Architecture
Psychedelonaut
9:11 Loom
11:52 Feudal Age
15:42 Castle Age
13:46 Double-Bit Axe
16:32 Wheelbarrow
16:58 Horse Collar
17:40 Bow Saw
25:27 Town Watch
26:13 Hand Cart
26:34 Treadmill Crane
27:01 Fletching
30:22 Imperial Age
28:25 Bodkin Arrow
28:30 Padded Archer Armor
28:46 Bloodlines
28:36 Husbandry
29:28 Ballistics
30:41 Thumb Ring
30:39 Heavy Cavalry Archer
31:47 Bracer
32:03 Leather Archer Armor
33:29 Chemistry
33:23 Parthian Tactics
33:38 Leather Archer Armor
33:40 Gold Mining
34:00 Recurve Bow
35:18 Conscription
36:12 Ring Archer Armor
47:44 Siege Engineers
50:12 Scale Barding Armor
Connection lost

Rejoining the realm…

Still unreachable

The connection could not be restored.

Session expired

The server has moved on; the page needs a fresh start.